 Seeded DCSS version 0.30.0-30-g96aa6591b8 (webtiles) character file.

Game seed: 6351066067085065685 (custom seed)

28 Esekla the Grave Robber (level 3, 0/19 HPs)
             Began as a Deep Elf Necromancer on June 29, 2023.
             Frozen to death by an endoplasm (4 damage)
             ... on level 1 of the Dungeon.
             The game lasted 00:04:27 (700 turns).

Esekla the Grave Robber (Deep Elf Necromancer)       Turns: 700, Time: 00:04:28

Health: 0/19       AC:  2    Str:  5    XL:     3   Next: 0%
Magic:  9/9        EV: 13    Int: 21    God:
Gold:   16         SH:  0    Dex: 15    Spells: 7/8 levels left

rFire   . . .        f - +1 dagger (drain)
rCold   . . .        (no shield)
rNeg    . . .        a - +0 robe
rPois   .            (no helmet)
rElec   .            (no cloak)
rCorr   .            (no gloves)
SInv    .            (no boots)
Will    .....        (no amulet)
Stlth   ++           (no ring)
HPRegen 0.23/turn    (no ring)
MPRegen 0.11/turn

%: no passive effects
@: no status effects
A: no striking features
a: no special abilities


You were on level 1 of the Dungeon.
You visited 1 branch of the dungeon, and saw 2 of its levels.

You collected 16 gold pieces.

Inventory:

Hand Weapons
 f - a +1 dagger of draining (weapon)
Armour
 a - a +0 robe (worn)
Scrolls
 c - a scroll of identify {unknown}
 d - a scroll of blinking {unknown}
 e - a scroll of fear {unknown}
Potions
 b - a potion of magic
 g - a potion of attraction {unknown}
 h - a potion of heal wounds {unknown}


   Skills:
 + Level 0.1 Short Blades
 * Level 2.9 Dodging
 + Level 2.8 Stealth
 * Level 3.3 Spellcasting
 + Level 5.4 Necromancy


You had 7 spell levels left.
You knew the following spells:

 Your Spells              Type           Power      Damage    Failure   Level
a - Necrotise             Necr           100%       1d9       1%          1

Your spell library contained the following spells:

 Spells                   Type           Power      Damage    Failure   Level
 Vampiric Draining        Necr           26%        2d7       4%          3
 Animate Dead             Necr           26%        N/A       14%         4
 Agony                    Necr           26%        N/A       36%         5


Dungeon Overview and Level Annotations

Branches:
Dungeon (2/15)

Altars:

Shops:
D:2 =


Message History

The ball python barely misses you.
The kobold throws a stone.
The stone barely misses you.
You closely miss the ball python. The ball python closely misses you.
The ball python barely misses you.
You hit the kobold.
You kill the kobold!
The ball python bites you. The ball python grabs you.
The ball python constricts you.
You hit the ball python but do no damage.
You drain the ball python.
The ball python is severely wounded.
The ball python closely misses you. The ball python constricts you.
You hit the endoplasm.
The endoplasm is heavily wounded.
The ball python barely misses you. The ball python constricts you.
The endoplasm hits you but does no damage.
The ball python barely misses you. The ball python constricts you.
You closely miss the ball python.
The ball python is severely wounded.
The endoplasm misses you. The ball python barely misses you.
The ball python constricts you.
You closely miss the ball python.
The ball python is severely wounded.
The endoplasm freezes you.
You are frozen.
* * * LOW HITPOINT WARNING * * *
The ball python closely misses you. The ball python constricts you.
You hit the ball python but do no damage.
You drain the ball python.
You kill the ball python!
The endoplasm barely misses you.
You have reached level 3!
Your experience leads to an increase in your attributes!
Increase (S)trength, (I)ntelligence, or (D)exterity?
You feel clever. x2
You hit the endoplasm.
The endoplasm is almost dead.
The endoplasm freezes you.
You are frozen.
You die...

.#. ### ### #.# ....#
##### ...# #.#
..#..##...######..# #.#
..................## #..
............# #....## ###
............###.....###≈≈
......................#≈~
#..........####...#####~≈
##...>#J@.## ##..# #≈~
#### ##### #..# #### #..#
#... #.>####...
#..#.....#
#######........#
..(.............
.........#.###..
#####.......#.#


You could see an endoplasm.

Vanquished Creatures
  An adder (D:2)
  5 ball pythons (D:1)
  2 bats (D:1)
  An endoplasm (D:1)
  3 goblins
  A quokka (D:1)
  2 frilled lizards
  3 kobolds (D:1)
18 creatures vanquished.

Notes
Turn   | Place    | Note
-------+----------+-------------------------------------------
     0 | D:1      | Esekla the Deep Elf Necromancer began the quest for the
                  | Orb.
     0 | D:1      | Reached XP level 1. HP: 10/10 MP: 6/6
   129 | D:1      | Reached skill level 5 in Necromancy
   201 | D:1      | Reached XP level 2. HP: 15/15 MP: 8/8
   234 | D:2      | Noticed a black bear
   606 | D:2      | Found Renulab's Jewellery Shop.
   700 | D:1      | Reached XP level 3. HP: 3/19 MP: 9/9
   700 | D:1      | Frozen to death by an endoplasm

Illustrated notes

Levels and vault maps discovered:
D:1:      sevenhm_arrival_forest_fort_small_3, layout_rooms,
          chequers_serial_rivers_room_b, minmay_misc_feat_five
D:2:      layout_loops_ring, dreamdust_ecumenical_altar_angels_and_demons,
          serial_shops, shop

Skill      XL: |  1 |
---------------+----+-----
Necromancy     | 5 |  5.4
Short Blades   | |  0.1
Dodging        | |  2.9
Stealth        | |  2.8
Spellcasting   | |  3.3

Action                     || total
---------------------------++-------
  Melee: Unarmed           ||     9
         Short sword       ||     5
         Dagger            ||    50
         Punch             ||     1
    Use: Potion            ||     1
   Stab: Sleeping          ||     2
 Armour: Robe              ||    10
  Dodge: Dodged            ||    34
